AoeStats
← kaib1249

Highland

505981517Analyzed
2v2 RM · 19d ago on Sep 11, 2026· 18m 7s· 4 players
Game mode
Random Map
Map size
Medium (4 player)
Population
200
Speed
Normal
Resources
Standard
Victory
Conquest
Starting age
Dark Age
Ending age
Imperial Age
RankedLock teamsTeams togetherTeam positionsShared explorationLock speedFull tech treeHidden civsTurbo modeCheats
Victory
Defeat
🇺🇸 Persians · United States
759
+37
🇺🇸 Bohemians · United States
744
+43
🇩🇪 Huns · Germany
772
-17
🇧🇷 Byzantines · Brazil
762
-17
kaib1249
9:22 Loom
9:39 Loom
13:54 Feudal Age
15:32 Double-Bit Axe
18:08 Castle Age
17:26 Horse Collar
harpua44
6:41 Loom
9:25 Feudal Age
10:11 Double-Bit Axe
20:23 Castle Age
18:36 Gold Mining
Maxen1988
13:17 Feudal Age
13:50 Horse Collar
13:57 Double-Bit Axe
Atommych
3:14 Loom
13:16 Feudal Age
15:44 Wheelbarrow
Connection lost

Rejoining the realm…

Still unreachable

The connection could not be restored.

Session expired

The server has moved on; the page needs a fresh start.